 Dungeon Crawl Stone Soup version 0.26-a0-612-gd4d190f (webtiles) character file.

Game seed: 4770000910838031412

167918 Anno the Spry (level 18, -10/178 HPs)
             Began as a Kobold Brigand on Sept 9, 2020.
             Was the Champion of Uskayaw.
             Mangled by an emperor scorpion (17 damage)
             ... on level 4 of the Spider Nest on Sept 10, 2020.
             The game lasted 02:57:14 (38247 turns).

Anno the Spry (Kobold Brigand)                     Turns: 38247, Time: 02:57:15

Health: -10/178    AC: 14    Str: 11      XL:     18   Next: 57%
Magic:  0/28       EV: 39    Int: 11 (13) God:    Uskayaw [******]
Gold:   2903       SH:  0    Dex: 30      Spells: 17/17 levels left

rFire    . . .     SeeInvis +   R - +0 scimitar "Orb Guardian's Death" {vorpal, Fragile rElec Dex+9 Stlth+} (curse)
rCold    + . .     Faith    .   (shield restricted)
rNeg     . . .     Spirit   +   U - +3 leather armour {rC+}
rPois    +         Reflect  .   o - +3 helmet of Living Happiness {rPois}
rElec    +         Harm     .   S - scarf {+Inv}
rCorr    .                      K - +1 pair of gloves
MR       +....                  i - +0 pair of boots
Stlth    ..........             J - amulet of guardian spirit
HPRegen  0.39/turn              L - ring of see invisible
MPRegen  0.21/turn              B - +4 ring of evasion

@: berserking (expiring), hasted, very quick
A: small, nightstalker 3
a: Stomp, Line Pass, Grand Finale, Renounce Religion, Evoke Invisibility


You were on level 4 of the Spider Nest.
You worshipped Uskayaw.
Uskayaw was pleased with you.
You visited 5 branches of the dungeon, and saw 28 of its levels.
You also visited: Sewer, Gauntlet and Ice Cave.

You collected 3257 gold pieces.
You spent 354 gold pieces at shops.

Inventory:

Hand Weapons
 a - a +1 rapier of venom
 H - a +2 quick blade of freezing
 R - the cursed +0 scimitar "Orb Guardian's Death" (weapon) {vorpal, Fragile rElec Dex+9 Stlth+}
   (You found it on level 4 of the Spider Nest)

   It inflicts extra damage upon your enemies.
   It affects your dexterity (+9).
   It insulates you from electricity.
   It will be destroyed if unequipped.
   It makes you more stealthy.
   It has a curse placed upon it.
Missiles
 d - 23 poisoned darts (quivered)
 r - 41 boomerangs
 v - a curare-tipped dart
 w - 9 atropa-tipped darts
 x - 3 boomerangs of dispersal
Armour
 g - a +1 cloak of magic resistance
 i - a +0 pair of boots (worn)
 o - the +3 helmet of Living Happiness (worn) {rPois}
   (You found it in a Gauntlet)

   It protects you from poison.
 K - a +1 pair of gloves (worn)
 S - a scarf of invisibility (worn)
 U - a +3 leather armour of cold resistance (worn)
Jewellery
 m - an uncursed ring of protection from magic
 B - a +4 ring of evasion (right hand)
 J - an amulet of guardian spirit (around neck)
 L - a ring of see invisible (left hand)
Wands
 b - a wand of paralysis (16)
 G - a wand of acid (17)
 M - a wand of polymorph (7)
 N - a wand of digging (15)
 O - a wand of iceblast (16)
Scrolls
 j - 2 scrolls of identify
 q - 2 scrolls of blinking
 s - 10 scrolls of remove curse
 t - 8 scrolls of teleportation
 D - a scroll of immolation
 E - 4 scrolls of magic mapping
 I - 3 scrolls of fog
 Z - 3 scrolls of fear
Potions
 f - 2 potions of cancellation
 h - 6 potions of curing
 k - 10 potions of heal wounds
 n - 2 potions of magic
 u - a potion of invisibility
 C - 3 potions of might
 F - 2 potions of lignification
 P - 2 potions of flight
 W - 2 potions of resistance
 Y - 2 potions of haste
Miscellaneous
 l - a lightning rod (4/4)
 y - a condenser vane (2/2)
 A - a box of beasts (3/3)
 X - a phantom mirror


   Skills:
 - Level 15.2 Fighting
 - Level 14.0(15.7) Short Blades
 * Level 8.4(10.3) Long Blades
 - Level 6.0 Throwing
 - Level 4.0 Armour
 - Level 19.1 Dodging
 - Level 14.0 Stealth
 - Level 14.0 Invocations
 * Level 4.7 Evocations


You had 17 spell levels left.
You didn't know any spells.
Your spell library contained the following spells:

 Spells                   Type           Power        Failure   Level
 Corona                   Hex            #......      41%         1
 Foxfire                  Conj/Fire      #...         41%         1
 Sandblast                Erth           #.....       41%         1
 Shock                    Conj/Air       #...         41%         1
 Summon Small Mammal      Summ           #...         41%         1
 Call Imp                 Summ           #.......     56%         2
 Ensorcelled Hibernation  Hex/Ice        #.....       56%         2
 Passwall                 Tmut/Erth      #.......     56%         2
 Swiftness                Air            #.......     56%         2
 Call Canine Familiar     Summ           #.......     80%         3
 Confusing Touch          Hex            #.......     80%         3
 Conjure Flame            Conj/Fire      #.......     80%         3
 Dazzling Flash           Conj/Hex       #.....       80%         3
 Inner Flame              Hex/Fire       #.......     80%         3
 Static Discharge         Conj/Air       #.......     80%         3
 Stone Arrow              Conj/Erth      #.....       80%         3
 Summon Guardian Golem    Hex/Summ       #.......     80%         3
 Tukima's Dance           Hex            #.......     80%         3
 Airstrike                Air            #.........   99%         4
 Cause Fear               Hex            #.........   99%         4
 Petrify                  Tmut/Erth      #.......     99%         4
 Sticky Flame             Conj/Fire      #.......     99%         4
 Summon Ice Beast         Ice/Summ       #.......     99%         4
 Summon Lightning Spire   Summ/Air       #.......     99%         4
 Fireball                 Conj/Fire      #.........   100%        5
 Lee's Rapid Deconstruct  Erth           #.........   100%        5
 Lightning Bolt           Conj/Air       #.........   100%        5
 Silence                  Hex/Air        #.........   100%        5
 Yara's Violent Unravell  Hex/Tmut       #.........   100%        5
 Discord                  Hex            #.........   100%        8


Dungeon Overview and Level Annotations

Branches:
Dungeon (15/15)            Temple (0/1) D:5            Lair (6/6) D:10
 Shoals (1/4) Lair:2       Spider (4/4) Lair:4        Slime (0/5) Lair:5
    Orc (2/2) D:9             Elf (0/3) Orc:2        Vaults (0/5) D:13
 Depths (0/5) D:15          Sewer (visited)           IceCv (visited)
Gauntlet (visited)

Altars:
Cheibriados
Hepliaklqana
Okawaru
Qazlal
Trog
Uskayaw
Vehumet
Xom
Yredelemnul
Zin

Shops:
D:4 *(*(!   D:6 [

Annotations:
D:6 2 transporters
Lair:1 exclusion: hydra
Lair:3 exclusion: hydra
Lair:6 1 runed translucent door, Huibrymu's ghost, journeyman DrVM
Orc:1 exclusion: downstairs


Innate Abilities, Weirdness & Mutations

You are small and have problems with some larger weapons.
You are completely attuned to the shadows.


Message History

The emperor scorpion completely misses you. x2
The redback completely misses you.
You riposte.
You slash the redback!
The redback is severely wounded.
You hear an angry hiss.
You hear an angry buzzing noise.
You hear an angry hiss. x2
You are too berserk!
You hit the emperor scorpion.
The emperor scorpion is moderately wounded.
You hear a hideous shriek!
The redback completely misses you.
You riposte.
You slice the redback!!
You kill the redback!
The emperor scorpion closely misses you.
The emperor scorpion completely misses you. x2
You hear an angry buzzing noise.
You hear an angry hiss.
You barely miss the emperor scorpion.
The emperor scorpion is moderately wounded.
You closely miss the emperor scorpion.
The emperor scorpion is moderately wounded.
The emperor scorpion stings you!!
You die...

.....#..#......#.^.....^.#..#....
#...#............##...##.#....#..
..)..#..^...#..........#.........
#^.........^.........^^...#.....#
###########..........############
###......### ##..†.## ##.†##
#."@≈# #.s#†# ##†.## #.(.^#
##((## .(.( #(.##


You could see an emperor scorpion.

Vanquished Creatures
  2 Ice Fiends (IceCv)
  A fire giant (D:15)
  4 emperor scorpions
  Louise (Spider:1)
  2 ghost moths
  4 entropy weavers
  2 spark wasps
  A minotaur (Gauntlet)
  The ghost of Melum the Brawler, a journeyman TrMo of Nemelex Xobeh (Lair:4)
  A green death (Gauntlet)
  A death ooze (Gauntlet)
  9 hydras
  2 centaur warriors
  Erolcha (D:9)
  Erica (D:9)
  18 two-headed ogres
  10 death yaks
  3 ogre magi (Orc:2)
  6 spriggans (Lair:4)
  3 skeletal warriors
  4 unseen horrors
  Pikel (D:4)
  2 orc knights
  2 wolf spider zombies (D:14)
  22 orb spiders
  4 harpies (Shoals:1)
  An orc sorcerer (Orc:1)
  3 manticores
  6 cyclopes
  23 wolf spiders
  10 elephants (Lair:6)
  2 ice statues (IceCv)
  3 moths of wrath
  Psyche (D:9)
  19 cane toads
  4 black mambas
  An eye of devastation (Lair:5)
  2 gargoyles
  3 rime drakes
  Maggie (D:7)
  3 komodo dragons
  11 demonic crawlers
  A yaktaur (D:15)
  4 trolls
  13 ice devils (IceCv)
  13 hornets
  25 jumping spiders
  A harpy skeleton (D:14)
  4 tyrant leeches (Lair:6)
  25 blink frogs
  15 hippogriffs
  Prince Ribbit (D:9)
  6 dream sheep (Lair:5)
  7 slime creatures
  60 redbacks
  20 tarantellas
  4 shadows
  2 water elementals
  A basilisk (D:10)
  3 wraiths (D:13)
  Grum (D:9)
  55 yaks
  Eustachio (D:4)
  16 humans (D:13)
  2 steam dragons
  6 wyverns
  Menkaure (D:6)
  10 vampire mosquitoes
  A warg (Orc:1)
  Edmund (D:4)
  An acid dragon (D:14)
  3 soldier ants
  Duvessa (D:4)
  13 water moccasins
  6 porcupines
  Purgy (Sewer)
  11 orc warriors
  4 sky beasts
  3 phantoms
  2 black bears
  An eye of draining (Lair:5)
  7 ice beasts
  4 necrophages
  29 ogres
  10 centaurs
  12 crocodiles
  19 wolves
  4 big kobolds
  Blork the orc (D:4)
  2 lemures (D:4)
  29 bullfrogs
  A wyvern zombie (D:7)
  Dowan (D:4)
  2 wyvern skeletons
  8 scorpions
  6 killer bees (D:9)
  22 wights
  4 howler monkeys (D:10)
  An electric eel (Lair:6)
  3 bullfrog zombies
  8 hounds
  2 wyvern simulacra (D:14)
  3 centaur zombies
  8 jellies
  22 orc wizards
  A quasit (D:6)
  10 orc priests
  3 centaur skeletons
  A gnoll shaman (D:7)
  Crazy Yiuf (D:7)
  5 bullfrog skeletons
  Jessica (D:2)
  6 iguanas
  Ijyb (D:3)
  7 worker ants
  A howler monkey zombie (D:8)
  Robin (D:2)
  A howler monkey skeleton (D:8)
  7 gnolls
  13 adders
  A river rat (D:4)
  3 shadow imps
  11 white imps
  10 ufetubi
  3 oozes
  3 adder skeletons
  A dart slug (D:1)
  A worm (D:4)
  6 leopard geckos
  90 orcs
  9 bats
  12 giant cockroaches
  11 goblins
  13 hobgoblins
  4 jackals
  5 quokkas
  3 ball pythons
  6 frilled lizards
  42 kobolds
  A leopard gecko zombie (D:7)
  A quokka zombie (D:6)
  8 rats
1057 creatures vanquished.

Vanquished Creatures (others)
  A demonic crawler (Spider:4)
  A jumping spider (Spider:4)
  2 redbacks (Spider:4)
  3 white imps (IceCv)
  3 ufetubi (IceCv)
  A bush (Lair:6)
  39 fungi
  112 plants
162 creatures vanquished.

Grand Total: 1219 creatures vanquished

Notes
Turn   | Place    | Note
-------+----------+-------------------------------------------
     0 | D:1      | Anno the Kobold Brigand began the quest for the Orb.
     0 | D:1      | Reached XP level 1. HP: 12/12 MP: 1/1
   249 | D:1      | Reached XP level 2. HP: 17/17 MP: 2/2
   526 | D:1      | Reached XP level 3. HP: 21/21 MP: 3/3
  1172 | D:2      | Noticed Robin
  1199 | D:2      | Reached XP level 4. HP: 25/26 MP: 4/4
  1225 | D:2      | Reached skill level 5 in Short Blades
  1518 | D:2      | Noticed Jessica
  1528 | D:2      | Killed Jessica
  1567 | D:2      | Reached XP level 5. HP: 28/30 MP: 5/5
  1615 | D:2      | Killed Robin
  2306 | D:3      | Noticed Ijyb
  2347 | D:3      | Killed Ijyb
  2502 | D:3      | Found a hazy altar of Hepliaklqana.
  2503 | D:3      | Found a hide-covered altar of Uskayaw.
  2503 | D:3      | Found an iron altar of Okawaru.
  2504 | D:3      | Found a bloodstained altar of Trog.
  2508 | D:3      | Became a worshipper of Uskayaw the Reveler
  2544 | D:3      | Reached XP level 6. HP: 28/35 MP: 6/6
  2558 | D:3      | Reached * piety under Uskayaw
  2681 | D:3      | Reached ** piety under Uskayaw
  3104 | D:3      | Reached XP level 7. HP: 38/40 MP: 7/7
  3371 | D:4      | Noticed Blork the orc
  3374 | D:4      | Killed Blork the orc
  3377 | D:4      | Noticed Edmund
  3406 | D:4      | Killed Edmund
  3406 | D:4      | Reached skill level 5 in Throwing
  3472 | D:4      | Found Enuont Ecla's Antique Weapon Shop.
  3480 | D:4      | Bought a glowing short sword for 150 gold pieces
  3531 | D:4      | Found Qets's General Store.
  3534 | D:4      | Bought 4 atropa-tipped darts for 24 gold pieces
  3534 | D:4      | Bought a scroll of fog for 20 gold pieces
  3608 | D:4      | Reached XP level 8. HP: 32/44 MP: 8/8
  3732 | D:4      | Noticed Pikel
  3764 | D:4      | Paralysed by Pikel for 6 turns
  3768 | D:4      | Killed Pikel
  3768 | D:4      | Reached skill level 10 in Short Blades
  3768 | D:4      | Reached skill level 2 in Dodging
  3768 | D:4      | Reached skill level 1 in Invocations
  3876 | D:4      | Bought a scroll of magic mapping for 35 gold pieces
  3921 | D:4      | Found a glowing drain.
  3925 | Sewer    | Entered a sewer
  3928 | Sewer    | Noticed Purgy
  3930 | Sewer    | Killed Purgy
  4172 | D:4      | Found Elies's Assorted Antiques.
  4274 | D:4      | Found Cued's Antique Weapon Emporium.
  4361 | D:4      | Noticed Dowan
  4363 | D:4      | Noticed Duvessa
  4380 | D:4      | Killed Duvessa
  4380 | D:4      | Reached skill level 3 in Dodging
  4380 | D:4      | Reached XP level 9. HP: 31/52 MP: 10/10
  4382 | D:4      | Killed Dowan
  4418 | D:4      | Found Xosadaha's Distillery.
  4479 | D:4      | Noticed Eustachio
  4516 | D:4      | Killed Eustachio
  4607 | D:5      | Entered Level 5 of the Dungeon
  4811 | D:5      | Reached skill level 4 in Dodging
  5178 | D:5      | Found a staircase to the Ecumenical Temple.
  5847 | D:4      | Bought a glowing dagger for 125 gold pieces
  5989 | D:6      | Found a transporter.
  6009 | D:6      | Found Hidwisa's Antique Armour Boutique.
  6080 | D:6      | Noticed Menkaure
  6084 | D:6      | Killed Menkaure
  6108 | D:6      | Reached skill level 10 in Stealth
  6404 | D:6      | Found a transporter.
  6426 | D:6      | Found a radiant altar of Vehumet.
  6714 | D:6      | Reached skill level 5 in Dodging
  6720 | D:6      | Reached skill level 5 in Fighting
  6720 | D:6      | Reached XP level 10. HP: 59/59 MP: 8/13
  7268 | D:7      | Reached skill level 6 in Dodging
  7273 | D:7      | Noticed Maggie
  7283 | D:7      | Reached skill level 5 in Invocations
  7336 | D:7      | Killed Maggie
  7600 | D:7      | Found a snail-covered altar of Cheibriados.
  7951 | D:7      | Found a runed translucent door.
  7954 | D:7      | Noticed Crazy Yiuf
  7959 | D:7      | Killed Crazy Yiuf
  8093 | D:6      | Found a stormy altar of Qazlal.
  8093 | D:6      | Found a basalt altar of Yredelemnul.
  8153 | D:8      | Reached *** piety under Uskayaw
  8166 | D:8      | Found a bloodstained altar of Trog.
  8300 | D:8      | Reached skill level 7 in Dodging
  8311 | D:8      | Reached **** piety under Uskayaw
  8322 | D:8      | Reached ***** piety under Uskayaw
  8352 | D:8      | Reached ****** piety under Uskayaw
  8441 | D:8      | Found a shimmering altar of Xom.
  8645 | D:8      | Found a hide-covered altar of Uskayaw.
  8884 | D:9      | Noticed Grum
  8889 | D:9      | Killed Grum
  8920 | D:9      | Noticed a two-headed ogre
  8975 | D:9      | Killed a two-headed ogre
  8975 | D:9      | Reached XP level 11. HP: 54/66 MP: 15/15
  9088 | D:9      | Noticed Erica
  9200 | D:9      | Killed Erica
  9272 | D:9      | Noticed Prince Ribbit
  9275 | D:9      | Killed Prince Ribbit
  9284 | D:9      | Noticed Psyche
  9288 | D:9      | Killed Psyche
  9369 | D:9      | Noticed Erolcha
  9373 | D:9      | Killed Erolcha
  9409 | D:9      | Reached skill level 8 in Dodging
  9484 | D:9      | Found a staircase to the Orcish Mines.
  9757 | D:10     | Entered Level 10 of the Dungeon
  9797 | D:10     | Noticed a two-headed ogre
  9824 | D:10     | Killed a two-headed ogre
  9869 | D:10     | Found a staircase to the Lair.
  9964 | D:10     | Noticed a cyclops
 10317 | D:10     | Killed a cyclops
 10317 | D:10     | Reached XP level 12. HP: 73/73 MP: 16/18
 10968 | Lair:1   | Entered Level 1 of the Lair of Beasts
 11020 | Lair:1   | Reached skill level 9 in Dodging
 11404 | Lair:1   | Noticed a seven-headed hydra
 11963 | Lair:2   | Noticed a six-headed hydra
 11982 | Lair:2   | Found a staircase to the Shoals.
 13230 | Lair:3   | Noticed a six-headed hydra
 13232 | Lair:3   | Killed a six-headed hydra
 13316 | Lair:3   | Reached skill level 10 in Dodging
 13366 | Lair:3   | Noticed an eight-headed hydra
 13975 | Lair:3   | Reached XP level 13. HP: 80/80 MP: 19/19
 13984 | Lair:3   | Noticed a seven-headed hydra
 13988 | Lair:3   | Killed a seven-headed hydra
 14188 | Lair:4   | Reached skill level 10 in Fighting
 14761 | Lair:4   | Reached skill level 11 in Dodging
 14970 | Lair:4   | Identified the +7 trident "Owuf" {distort, rF+ Str+4}
 15797 | Lair:4   | Found a hole to the Spider Nest.
 15936 | Lair:4   | Found a transporter.
 15937 | Lair:4   | Found a transporter.
 15943 | Lair:4   | Reached skill level 10 in Invocations
 15946 | Lair:4   | Noticed Melum's ghost (journeyman TrMo)
 15949 | Lair:4   | Found a bloodstained altar of Trog.
 15950 | Lair:4   | Killed Melum's ghost
 15950 | Lair:4   | Reached skill level 12 in Dodging
 15951 | Lair:4   | Identified the +5 trident "Cigy" {freeze, +Fly rC- SInv}
 16211 | Lair:4   | Reached XP level 14. HP: 90/90 MP: 21/21
 16506 | Lair:5   | Found a staircase to the Slime Pits.
 17312 | Lair:6   | Entered Level 6 of the Lair of Beasts
 17362 | Lair:6   | Reached skill level 13 in Dodging
 17572 | Lair:6   | Found a runed translucent door.
 17572 | Lair:6   | Noticed Huibrymu's ghost (journeyman DrVM)
 18186 | Lair:6   | Reached skill level 14 in Dodging
 18620 | Lair:6   | Reached XP level 15. HP: 80/97 MP: 23/23
 18972 | Lair:6   | Reached skill level 1 in Armour
 20032 | D:11     | Found a gate leading to a gauntlet.
 20054 | Gauntlet | Entered a Gauntlet
 20054 | Gauntlet | Found a transporter.
 20069 | Gauntlet | Found a transporter.
 20069 | Gauntlet | Found a transporter.
 20085 | Gauntlet | Found a transporter.
 20121 | Gauntlet | Found a transporter.
 20170 | Gauntlet | Found a transporter.
 20179 | Gauntlet | Found a transporter.
 20213 | Gauntlet | Found a transporter.
 20231 | Gauntlet | Found a transporter.
 20231 | Gauntlet | Found a transporter.
 20262 | Gauntlet | Found a transporter.
 20262 | Gauntlet | Found a transporter.
 20325 | Gauntlet | Got a slimy helmet
 20339 | Gauntlet | Identified the +3 helmet of Living Happiness {rPois} (You
                  | found it in a Gauntlet)
 20365 | Gauntlet | Got a jewelled long sword
 20391 | Gauntlet | Identified the cursed +1 long sword of the Enchanted Forest
                  | {vorpal, Int+7} (You found it in a Gauntlet)
 22518 | D:12     | Got an ancient chain mail
 22529 | D:12     | Identified the +3 chain mail of Free Will {Int+2} (You
                  | found it on level 12 of the Dungeon)
 22818 | D:13     | Found a gate to the Vaults.
 23117 | D:13     | Found a glowing silver altar of Zin.
 23263 | D:13     | Reached XP level 16. HP: 74/107 MP: 19/25
 23372 | D:13     | Reached skill level 1 in Long Blades
 24891 | D:14     | Reached skill level 15 in Fighting
 25249 | D:15     | Entered Level 15 of the Dungeon
 25417 | D:15     | Found a staircase to the Depths.
 25417 | D:15     | Noticed a fire giant
 25421 | D:15     | Killed a fire giant
 25673 | D:15     | Got a masterwork falchion
 25674 | D:15     | Identified the cursed +2 falchion "Transmigrator" {vorpal,
                  | MR+ Int+2} (You found it on level 15 of the Dungeon)
 26367 | Orc:1    | Entered Level 1 of the Orcish Mines
 26506 | Orc:2    | Entered Level 2 of the Orcish Mines
 26567 | Orc:1    | Reached skill level 15 in Dodging
 27099 | Orc:2    | Found a staircase to the Elven Halls.
 27900 | Orc:2    | Reached skill level 16 in Dodging
 28394 | Spider:1 | Entered Level 1 of the Spider Nest
 28418 | Spider:1 | Noticed Louise
 28659 | Spider:1 | Killed Louise
 28872 | Spider:1 | Reached XP level 17. HP: 112/113 MP: 27/27
 29221 | Spider:1 | Reached skill level 5 in Long Blades
 30490 | Spider:1 | Reached skill level 17 in Dodging
 32817 | Spider:2 | Reached skill level 18 in Dodging
 33686 | Spider:3 | Reached skill level 1 in Evocations
 34585 | Spider:4 | Entered Level 4 of the Spider Nest
 35042 | Spider:3 | Reached XP level 18. HP: 113/119 MP: 28/28
 35563 | Spider:4 | Reached skill level 19 in Dodging
 36223 | Spider:4 | Got a jewelled scimitar
 36224 | Spider:4 | Identified the cursed +0 scimitar "Orb Guardian's Death"
                  | {vorpal, Fragile rElec Dex+9 Stlth+} (You found it on level
                  | 4 of the Spider Nest)
 36349 | Shoals:1 | Entered Level 1 of the Shoals
 36380 | Shoals:1 | Found a frozen archway.
 36411 | IceCv    | Entered an ice cave
 36803 | IceCv    | Noticed an Ice Fiend
 37365 | IceCv    | Noticed an Ice Fiend
 37376 | IceCv    | Killed an Ice Fiend
 37382 | IceCv    | Killed an Ice Fiend
 38242 | Spider:4 | HP: 6/178 [emperor scorpion (6)]
 38247 | Spider:4 | Mangled by an emperor scorpion

Illustrated notes

Levels and vault maps discovered:
D:1:      elethiomel_arrival_maze, layout_basic, minmay_worlds_worst_comb
D:2:      layout_rooms, uniq_robin, uniq_jessica
D:3:      layout_basic, chequers_temple_overflow_statue_of_worship,
          minmay_statues_item, roderic_cross_of_infinity, uniq_ijyb
D:4:      layout_basic, gup_sewer_entry_bowl, serial_shops, shop,
          kennysheep_mini, shop, nicolae_shop_waterfront,
          nicolae_shop_behind_doors, hangedman_decor_points, uniq_blork_the_orc,
          uniq_eustachio, uniq_edmund, uniq_duvessa, uniq_pikel
D:5:      layout_basic, minmay_temple_entry_statues
D:6:      gammafunk_steamed_eel, layout_gridville, vehumet_altar_wand_db,
          nicolae_overflow_hidden_temple, serial_shops, shop_coins,
          uniq_menkaure
D:7:      layout_rooms, overflow_temple_1_default, uniq_crazy_yiuf_cottage,
          uniq_maggie
D:8:      layout_basic, overflow_temple_1_default, basic_altar, trog_book
D:9:      layout_irregular_city, orc_0_dummy,
          hangedman_abyss_or_decor_lesser_grid, feat_on_display, uniq_psyche,
          uniq_prince_ribbit1, uniq_grum, uniq_erica, uniq_erolcha
D:10:     layout_basic, minmay_lair_entry_grove
D:11:     layout_stronghold, gauntlet_entry_generic, serial_column_ruins,
          column_ruins_hut, column_ruins_corridor_T,
          column_ruins_corridor_straight, column_ruins_open_small,
          column_ruins_open_tiny, column_ruins_corridor_plus,
          column_ruins_open_tiny, column_ruins_grid_4,
          hangedman_abyss_or_decor_clamps
D:12:     layout_gridville
D:13:     layout_loops_ring, david_vaults_3, basic_altar
D:14:     layout_irregular_city, serial_ice, serial_ice_l, serial_ice_a,
          serial_ice_n, serial_ice_m, serial_ice_f, serial_ice_o,
          minmay_misc_feat_columns
D:15:     grunt_enter_depths_giant_problem, layout_irregular_city,
          minmay_crystal_water
Lair:1:   layout_cave_pods, lemuel_fruit_fields
Lair:2:   layout_cave_pods, minmay_shoals_entry_centaurs,
          infiniplex_staircase_pool
Lair:3:   layout_layer_cave, serial_bayou_shore_b, infiniplex_staircase_pool_2
Lair:4:   layout_misc_corridors, spider_nest_entry_rubble,
          gammafunk_ghost_wrathful_warriors
Lair:5:   layout_hall_layers, minmay_slime_entry_eyes,
          chequers_serial_rivers_micro_a
Lair:6:   minmay_lair_end_frog_pond, layout_regular_city,
          hellmonk_ghost_happy_afterlife, grunt_forest_small_clearings
Shoals:1: gammafunk_its_a_trap, layout_shoals,
          portal_ice_cave_entry_pillars_four
Spider:1: spiders_nest_scorpion_pit, uniq_louise
Spider:2: layout_spider_delve
Spider:3: layout_spider_delve, nicolae_orb_island
Spider:4: guppyfry_spider_rune, uniq_arachne
Orc:1:    layout_diamond_mine
Orc:2:    st_orc_ogre_mass, layout_diamond_mine

Skill      XL: |  1  2  3  4  5  6  7  8  9 10 11 12 13 14 15 16 17 18 |
---------------+-------------------------------------------------------+-----
Short Blades   | 3 4 5 6 7 9 10 11 12 13 14 | 14.0
Throwing       | 3 4 5 6 |  6.0
Fighting       | 3 5 6 7 9 11 12 14 15 | 15.2
Dodging        | 3 5 7 8 10 12 14 16 18 19 | 19.1
Stealth        | 6 10 11 12 14 | 14.0
Invocations    | 2 4 6 8 10 11 13 14 | 14.0
Armour         | 4 |  4.0
Long Blades    | 4 6 8 |  8.4
Evocations     | 2 4 |  4.7

Action                   |  1- 3 |  4- 6 |  7- 9 | 10-12 | 13-15 | 16-18 || total
-------------------------+-------+-------+-------+-------+-------+-------++-------
Melee: Dagger            |    62 |   259 |    96 |    46 |       |       ||   463
       Short sword       |       |       |   247 |   522 |   850 |       ||  1619
       Rapier            |       |       |       |   178 |   723 |  1721 ||  2622
       Long sword        |       |       |       |       |     6 |       ||     6
       Scimitar          |       |       |       |       |       |   275 ||   275
Throw: Dart              |     2 |    57 |    14 |    62 |   119 |   179 ||   433
       Boomerang         |       |       |     2 |    15 |    21 |    64 ||   102
Invok: Line Pass         |       |       |     3 |     4 |     8 |     9 ||    24
       Stomp             |       |       |     2 |       |     6 |    10 ||    18
       Grand Finale      |       |       |       |     1 |     4 |     5 ||    10
 Abil: Evoke Invisibilit |       |       |       |       |       |     2 ||     2
Evoke: Wand              |       |     1 |       |     1 |     5 |     2 ||     9
       Phantom mirror    |       |       |       |       |     1 |       ||     1
  Use: Scroll            |       |     4 |     5 |    11 |    11 |     6 ||    37
       Potion            |       |       |       |       |     2 |     7 ||     9
 Stab: Sleeping          |    23 |    12 |    31 |    62 |    56 |    59 ||   243
       Distracted        |       |       |     1 |     3 |    10 |     1 ||    15
       Confused          |       |       |     1 |     3 |     7 |     8 ||    19
       Paralysed         |       |       |       |    19 |    51 |    56 ||   126
       Invisible         |       |       |       |     3 |     5 |    20 ||    28
Armor: Leather armour    |    16 |    47 |    43 |    82 |   126 |   254 ||   568
       Troll leather arm |       |       |     2 |       |       |       ||     2
Dodge: Dodged            |    14 |   188 |   141 |   487 |  1150 |  2369 ||  4349
       Rpst.: Long sword |       |       |       |       |     1 |       ||     1
       Scimitar          |       |       |       |       |       |   111 ||   111

Table legend: (Time is in decaauts)
 A = Elapsed time spent in this place.
 B = Non-inter-level travel time spent in this place.
 C = Inter-level travel time spent in this place.
 D = Time resting spent in this place.
 E = Time spent auto-exploring this place.
 F = Levels seen in this place.
 G = Mean time per level.
                   A        B        C        D        E       F      G
               +--------+--------+--------+--------+--------+-----+--------+
         Total |  36015 |  33243 |   2772 |   6520 |  16522 |  31 | 1161.8 |
       Dungeon |  15882 |  14601 |   1281 |    850 |   9408 |  15 | 1058.8 |
          Lair |   9011 |   7903 |   1108 |   1041 |   4024 |   6 | 1501.8 |
        Shoals |     72 |     65 |      7 |      0 |      0 |   1 |   72.0 |
   Spider Nest |   7363 |   7036 |    327 |   3073 |   2322 |   4 | 1840.8 |
  Orcish Mines |   1662 |   1613 |     49 |    754 |    515 |   2 |  831.0 |
         Sewer |    159 |    159 |      0 |      0 |      2 |   1 |  159.0 |
      Ice Cave |   1390 |   1390 |      0 |    801 |     45 |   1 | 1390.0 |
      Gauntlet |    473 |    473 |      0 |      0 |    205 |   1 |  473.0 |
               +--------+--------+--------+--------+--------+-----+--------+

Top non-repeatable levels by time:
Spider:1: 2736 daAuts
  Lair:6: 2129 daAuts
  Lair:3: 1988 daAuts
Spider:2: 1938 daAuts
Spider:3: 1712 daAuts
  Lair:2: 1473 daAuts
     D:1: 1424 daAuts
   IceCv: 1390 daAuts
    D:11: 1380 daAuts
     D:9: 1276 daAuts
  Lair:1: 1243 daAuts
     D:5: 1241 daAuts
  Lair:4: 1221 daAuts
    D:10: 1218 daAuts
     D:6: 1186 daAuts
